Map: Site Delta LE

Players

SageEagle

  • Race: Zerg Zerg
  • League: Gold
  • Spawn Location: 11:00

SubN - Winner!

  • Race: Protoss Protoss
  • League: Diamond
  • Spawn Location: 5:00

VOD

Have the link to the VOD?

Description

Time

  • Played on: Nov. 22, 2023, 4:50 p.m.
  • Length: 8:37
Show
View Real Time Build Order
Export as new Build Order

SageEagle Zerg 

Build Orders: Pool First 

Get SALT Encoding   

  12  0:03  Drone  
  13  0:09  Drone  
  14  0:17  Drone, Extractor  
  15  0:32  Spawning Pool  
  14  0:37  Overlord  
  14  0:57  Drone x2  
  14  0:58  Drone  
  17  1:22  Zergling x2  
  17  1:23  Zergling x2  
  17  1:24  Hatchery  
  18  1:29  Extractor  
  18  1:31  Extractor  
  16  1:51  Hatchery  
  16  1:54  Zergling x2  
  16  1:57  Zergling x2  
  17  2:03  Zergling x2  
  18  2:10  Zergling x2  
  17  2:31  Zergling x4  
  19  2:49  Zergling x8  
  23  3:05  Drone x2  
  25  3:06  Queen  
  26  3:19  Metabolic Boost  
  26  3:24  Queen  
  27  3:42  Zergling x2  
  27  3:45  Overlord  
  28  3:51  Overlord  
  28  3:56  Baneling Nest  
  28  3:58  Drone  
  28  4:05  Drone  
  29  4:12  Drone  
  29  4:13  Drone  
  31  4:29  Drone  
  31  4:30  Drone x2  
  34  4:40  Zergling x4  
  34  4:41  Zergling x2  
  37  4:50  Lair  
  37  4:53  Drone  
  38  5:06  Zergling x4  
  38  5:07  Zergling x4  
  41  5:31  Baneling x12  
  41  5:35  Zergling x6  
  44  5:44  Overlord  
  44  5:45  Overlord  
  44  5:53  Centrifugal Hooks  
  44  6:07  Hatchery  
  44  6:11  Drone  
  44  6:44  Zergling x10  
  44  6:45  Zergling x2  
  50  6:53  Drone  
  50  6:54  Drone  
  52  7:04  Spore Crawler  
  52  7:05  Spore Crawler  
  52  7:06  Drone x2  
  52  7:14  Baneling  
  52  7:15  Baneling x15  
  52  7:24  Extractor  
  52  7:25  Drone x3, Extractor  
  52  7:29  Baneling  
  53  7:30  Baneling  
  53  7:44  Zergling x12  
  42  7:54  Zergling x6  
  42  7:55  Zergling x2  
  39  8:01  Zergling x6  
Show
View Real Time Build Order
Export as new Build Order

SubN Protoss - Winner!

Build Orders: Zealot Archon 

Get SALT Encoding   

  12  0:00  Probe  
  13  0:12  Probe  
  14  0:20  Pylon  
  14  0:27  Probe  
  15  0:39  Probe  
  15  0:41  Gateway  
  16  0:51  Probe  
  16  0:54  Assimilator  
  17  1:03  Probe  
  18  1:11  Gateway  
  18  1:15  Probe  
  19  1:21  Pylon  
  19  1:27  Probe  
  19  1:30  Zealot  
  22  1:39  Probe  
  23  1:44  Cybernetics Core  
  23  1:53  Probe  
  24  1:59  Zealot (Chrono Boost)  
  24  2:01  Zealot (Chrono Boost)  
  28  2:05  Probe  
  29  2:11  Pylon  
  27  2:35  Warp Gate  
  27  2:37  Adept x2  
  31  2:44  Probe  
  32  3:04  Shield Battery  
  32  3:07  Adept x2  
  36  3:14  Probe  
  36  3:18  Nexus  
  37  3:26  Probe  
  38  3:28  Pylon  
  38  3:49  Zealot x2  
  38  3:51  Probe  
  43  3:56  Assimilator  
  43  4:00  Twilight Council  
  43  4:03  Probe  
  44  4:15  Probe  
  45  4:27  Probe  
  46  4:34  Robotics Facility  
  46  4:36  Gateway  
  46  4:37  Gateway  
  46  4:38  Gateway  
  46  4:40  Probe  
  47  4:47  Probe  
  47  4:48  Gateway  
  48  4:53  Charge  
  48  4:54  Probe  
  48  4:59  Probe  
  50  5:06  Pylon  
  50  5:11  Probe x2  
  52  5:23  Probe (Chrono Boost)  
  52  5:24  Forge, Probe (Chrono Boost)  
  54  5:32  Assimilator  
  54  5:33  Forge  
  56  5:35  Probe (Chrono Boost)  
  56  5:36  Probe (Chrono Boost)  
  56  5:41  Assimilator  
  56  5:45  Pylon  
  56  5:49  Probe  
  57  5:50  Probe  
  57  5:51  Observer (Chrono Boost)  
  59  5:57  Protoss Ground Weapons Level 1  
  59  5:58  Pylon  
  59  6:01  Probe (Chrono Boost)  
  59  6:02  Probe (Chrono Boost)  
  61  6:13  Protoss Ground Armor Level 1  
  61  6:14  Probe x2 (Chrono Boost)  
  63  6:20  Probe x2 (Chrono Boost)  
  63  6:21  Immortal  
  69  6:27  Probe  
  69  6:31  Templar Archives  
  70  6:37  Pylon, Probe  
  70  6:39  Probe  
  72  6:40  Pylon  
  72  6:43  Zealot x2  
  72  6:45  Zealot  
  78  6:48  Zealot  
  78  6:49  Probe  
  78  6:53  Probe  
  82  7:01  Probe  
  82  7:08  Pylon  
  83  7:14  High Templar x4  
  91  7:19  Archon x2  
  91  7:23  High Templar  
  93  7:31  High Templar  
  93  7:35  Archon  
  73  7:55  Zealot x2  
  73  7:56  Zealot x3  
  81  8:17  High Templar x2  
  81  8:18  High Templar  
  87  8:22  Archon  
  87  8:23  Zealot x3  
  93  8:30  Pylon  
Tags
 
Composition
Zealot Archon
Matchup
PvZ
Opening
Pool First
Replay Pack
2025 replay dump
Spawn Locations
Cross Positions
Add a new tag
Caveats
  • Supply blocks, unpowered buildings, or Contaminate may cause inaccurate times.
  • Supply counts are checked every 10 seconds.